[Event "45th FIDE Olympiad 2024"]
[Site "Budapest"]
[Date "2024.09.12"]
[Round "2.89"]
[White "Theodorou, Nikolas"]
[Black "Gascon Del Nogal, Jose Rafael"]
[Result "1/2-1/2"]
[ECO "B30"]
[WhiteElo "2619"]
[BlackElo "2454"]
[Annotator "TA"]
[PlyCount "63"]
[EventDate "2024.09.05"]
[EventType "team-tourn"]
[EventCountry "HUN"]
[SourceTitle "playchess.com"]
[Source "ChessBase"]
[SourceQuality "1"]
[WhiteTeam "Greece"]
[BlackTeam "Venezuela"]
[WhiteTeamCountry "GRE"]
[BlackTeamCountry "VEN"]
[TimeControl "40/5400+30:1800+30"]

1. e4 c5 2. Nf3 Nc6 3. Bb5 e6 4. Bxc6 bxc6 5. b3 d6 6. e5 dxe5 7. Nxe5 Qg5 8. Nf3 (8. Nxc6 $2 Qxg2 9. Rf1 Qxc6 $19) (8. Ng4 $1 $14) 8... Qxg2 $11 9. Rg1 Qh3 10. Nc3 f6 11. Ba3 e5 12. Qe2 {[%mdl 1024] White has compensation.} Bg4 13. Rg3 Qh5 14. O-O-O Nh6 $1 15. Ne4 {[%cal Od1g1] next Rdg1! is good for White.} a5 (15... Nf5 $2 16. Qa6 Kd8 (16... Bxf3 $2 17. Qxc6+ Kd8 18. Qxa8+ Kc7 19. Qxa7+ Kd8 20. Nxc5 $18) (16... Nxg3 $2 17. Nxg3 Qh6 18. Qxc6+ Kf7 19. Qd5+ Kg6 20. Qe4+ Kf7 21. Qxg4 $18) 17. Nxf6 (17. Qxc6 Rc8 $11) (17. Rxg4 Qxg4 18. Qxc6 Rc8 $11) 17... gxf6 18. Rxg4 Qxg4 19. Qxc6 $18) 16. Qc4 (16. Bxc5 Bxc5 (16... Nf5 17. Rxg4 Qxg4 18. Qc4 $11) 17. Nxc5 Nf5 18. Rxg4 Qxg4 $15) (16. Nxc5 $2 Nf5 17. Rxg4 Qxg4 $19) 16... Qf7 (16... Bxf3 $2 17. Qe6+ Kd8 18. Rxg7 $18) (16... a4 $11 17. Bxc5 Qf7 (17... Bxf3 18. Qe6+ Kd8 19. Bb6#) (17... Bxc5 $2 18. Qxc5 Kf7 19. Nd6+ Ke6 20. Nd4+ exd4 21. Qxc6 $18)) 17. Qa4 $1 $14 (17. Bxc5 Qxc4 18. bxc4 Bxc5 19. Nxc5 Bh5 $11) 17... Qd5 18. Re1 $36 {[%cal Of3g5][%mdl 2048] White has some pressure.} Be7 19. h3 (19. Bxc5 $5 Bxc5 20. c4 $16) 19... Bh5 (19... Bxf3 $14 20. Rxf3 O-O) 20. c4 $2 {White is more active.} (20. Nxe5 $1 $16 fxe5 (20... Qxe5 $2 21. Qxc6+ Kf8 22. Qxa8+ $18) 21. Rd3) 20... Qe6 $15 {[#] And now ...Nf5 would win.} 21. Nh4 ({Better is} 21. Nxc5 $15 Bxc5 22. Bxc5) 21... g5 22. Ng2 Nf5 23. Rd3 Nd4 $2 (23... O-O $17 {keeps the pressure on. White must now prevent ...Nd4.} 24. Nxc5 Bxc5 25. Bxc5 Rf7) 24. Bxc5 ({White must play} 24. Nxc5 $18 Bxc5 25. Bxc5) 24... O-O {[%cal Bh8f8,Bf8e8,Be8e1][%mdl 32] [#] ...Bxc5 is the strong threat. The position is equal.} 25. Bxd4 exd4 26. Ng3 Qxh3 27. Rxe7 Bg6 $1 28. Ne1 (28. Rxd4 $2 Qxg2 29. Ne2 Rae8 $19 (29... Qxf2 $2 30. Rdd7 $19)) 28... Rae8 29. Rxe8 Rxe8 30. Rxd4 {Hoping for Nd3.} ({Don't blunder} 30. Ne4 $2 Qf1 31. Nxf6+ Kf8 32. Qa3+ (32. Rxd4 $2 {gets mated.} Qxe1+ 33. Kb2 Qb1+ 34. Kc3 Qc2#) 32... Re7 (32... Kf7 33. Nxe8 Bxd3 34. Nd6+ Kg6 35. Kb2 $17) 33. Nxh7+ (33. Nd7+ $2 Ke8 $19) 33... Ke8 $19 (33... Bxh7 34. Rf3+ Ke8 35. Qxa5 $19)) 30... Rxe1+ 31. Kb2 Qg2 32. Qxa5 {Weighted Error Value: White=0.29 (precise) /Black=0.26 (precise) .  Loses game:     	---       	Black=1      Missed win:     	White=1     	---        Mistake:       	White=3     	Black=2      Inaccurate:     	White=1     	Black=1      OK:         	White=14    	Black=9      Best:        	White=2     	Black=1      Strong:       	White=1     	Black=2} 1/2-1/2

[Event "45th FIDE Olympiad 2024"]
[Site "Budapest"]
[Date "2024.09.12"]
[Round "2.89"]
[White "Senglek, Khonsavanh"]
[Black "Barcon, Harmon"]
[Result "0-1"]
[ECO "C42"]
[WhiteElo "1591"]
[BlackElo "1968"]
[Annotator "NA"]
[PlyCount "88"]
[EventDate "2024.09.05"]
[EventType "team-tourn"]
[EventCountry "HUN"]
[SourceTitle "playchess.com"]
[Source "ChessBase"]
[SourceQuality "1"]
[WhiteTeam "Laos"]
[BlackTeam "Liberia"]
[WhiteTeamCountry "LAO"]
[BlackTeamCountry "LBR"]
[TimeControl "40/5400+30:1800+30"]

1. e4 e5 2. Nf3 d6 3. Be2 Nf6 4. Nc3 Be7 5. h3 c6 6. d4 Qc7 7. Bg5 O-O 8. O-O Nbd7 9. dxe5 dxe5 10. Bd3 Rd8 11. Qe2 Nf8 12. Nd1 Ng6 13. Bc4 h6 14. Bxf6 Bxf6 15. Qe3 b5 16. Bb3 Nf4 17. Kh2 Bd7 18. a3 c5 19. Nc3 c4 20. Ba2 a6 21. Rad1 Be6 22. Ne2 Rd7 23. Rxd7 Bxd7 24. b3 Be6 25. Rd1 Be7 26. b4 a5 27. Nc3 axb4 28. Nd5 Bxd5 29. exd5 Rxa3 30. Bb3 Bd6 31. g3 Ng6 32. Nd2 cxb3 33. cxb3 Qc2 34. Rf1 Bc5 35. Qe1 Qd3 36. Ne4 Qxd5 37. Qe2 Bd4 38. Rc1 Ra8 39. Qf3 Rd8 40. Rd1 Qe6 41. h4 f5 42. Nc5 Qc8 43. h5 Nf8 44. Nd3 e4 0-1

[Event "45th FIDE Olympiad 2024"]
[Site "Budapest"]
[Date "2024.09.12"]
[Round "2.90"]
[White "Ynojosa Aponte, Felix Jose"]
[Black "Kourkoulos-Arditis, Stamatis"]
[Result "0-1"]
[ECO "E94"]
[WhiteElo "2398"]
[BlackElo "2570"]
[Annotator "TA"]
[PlyCount "92"]
[EventDate "2024.09.05"]
[EventType "team-tourn"]
[EventCountry "HUN"]
[SourceTitle "playchess.com"]
[Source "ChessBase"]
[SourceQuality "1"]
[WhiteTeam "Venezuela"]
[BlackTeam "Greece"]
[WhiteTeamCountry "VEN"]
[BlackTeamCountry "GRE"]
[TimeControl "40/5400+30:1800+30"]

1. c4 Nf6 2. Nf3 g6 3. d4 Bg7 4. Nc3 O-O 5. e4 d6 6. Be2 e5 7. dxe5 dxe5 8. O-O Nbd7 9. Qc2 c6 10. Rd1 Qe7 11. h3 Nh5 12. Rb1 Nc5 13. b4 Ne6 {The position is equal.} 14. Be3 {Against Nd4} Nhf4 15. Bf1 Qf6 16. Ne1 a5 17. Qa4 Nd4 18. bxa5 Nfe6 19. Nd3 Re8 20. Nd5 Qh4 21. Bxd4 exd4 22. Nb6 Ra7 23. Re1 Qg5 24. e5 Qd2 25. Rb2 Qxa5 26. Qxa5 Rxa5 27. g3 (27. h4 $11 {remains equal.}) 27... Ng5 $1 $17 {[%csl LRe5,LRh3] And now ...Nf3+ would win.} 28. Ra1 Bf5 {...Nf3+ would now be deadly.} (28... Nxh3+ 29. Kh2 Bf5 30. f4) (28... Bxe5 $2 29. Nxc8 Bc7 (29... Rxc8 $2 30. f4 $18) 30. Nb6 $18) 29. f4 Ne6 $36 {[%mdl 2048] Strongly threatening ...Bxd3. White is under strong pressure. Black is more active.} 30. Nc1 (30. Nd7 $17) 30... h5 {Hoping for ...Nc5.} 31. Nb3 {[#]} Ra7 32. c5 f6 (32... Rd8 $142 {White must now prevent ...Bf8.} 33. Nc4 h4) 33. Nc4 fxe5 34. fxe5 (34. Nd6 $15 Raa8 35. Nxe8 Rxe8 36. fxe5 Bxe5 37. Rd1) 34... d3 35. Rd1 {[#]} Ng5 ({Better is} 35... Rd8 $1 $19 36. Rf2 Ng5) 36. Bxd3 Nf3+ ({Of course not} 36... Bxh3 37. Bxg6 Bg4 38. Bxe8 $15) ({Don't do} 36... Nxh3+ 37. Kg2 Bxd3 38. Rxd3 $11) (36... Bxe5 $6 37. Nxe5 Rxe5 38. Bxf5 Rxf5 39. h4 $11) 37. Kf2 (37. Kh1 $17) 37... Nxe5 38. Nxe5 Rxe5 39. Rc2 (39. Kg2 $17 {was necessary.}) 39... Bxh3 $19 40. Bxg6 Ra8 {Repels Rd8+} 41. Bd3 Rg5 42. Rg1 Be5 43. Be4 Rf8+ 44. Ke2 Bxg3 {A strong pair of Bishops.} 45. Nd4 h4 (45... Bg4+ 46. Bf3 Re8+ 47. Kd1 $19) 46. Kd3 Rd8 {Weighted Error Value: White=0.33/Black=0.17 (very precise) .  Mistake:       	White=5     	Black=2      Inaccurate:     	White=2     	Black=5      OK:         	White=9     	Black=16     Best:        	White=2     	---        Strong:       	---       	Black=1} 0-1

[Event "45th FIDE Olympiad 2024"]
[Site "Budapest"]
[Date "2024.09.12"]
[Round "2.91"]
[White "Mastrovasilis, Dimitrios"]
[Black "Escalona Landi, Samid Eduardo"]
[Result "1/2-1/2"]
[ECO "B51"]
[WhiteElo "2550"]
[BlackElo "2305"]
[Annotator "TA"]
[PlyCount "167"]
[EventDate "2024.09.05"]
[EventType "team-tourn"]
[EventCountry "HUN"]
[SourceTitle "playchess.com"]
[Source "ChessBase"]
[SourceQuality "1"]
[WhiteTeam "Greece"]
[BlackTeam "Venezuela"]
[WhiteTeamCountry "GRE"]
[BlackTeamCountry "VEN"]
[TimeControl "40/5400+30:1800+30"]

1. e4 c5 2. Nf3 d6 3. Bb5+ Nd7 4. a4 Ngf6 5. Nc3 g6 6. a5 {B51: Sicilian: Moscow Variation (3 Bb5+) without 3...Bd7.} Bg7 7. O-O a6 8. Be2 O-O 9. Re1 b5 10. axb6 Bb7 11. Bf1 Nxb6 12. d3 a5 13. Bg5 h6 14. Bd2 $146 ({Predecessor:} 14. Be3 a4 15. h3 Qc7 16. Qd2 Kh7 17. g4 Bc6 18. Bg2 Nfd7 19. Nd5 Nxd5 20. exd5 Bxd5 {0-1 Jiganchine,R (2205)-Zuferi,E (2412) Titled Tuesday intern op 06th Feb Late blitz 2024 (10)}) 14... e5 15. Ne2 a4 16. c4 Ne8 17. Nc3 Bc6 18. b3 Qd7 19. Nd5 Bxd5 20. cxd5 Nc7 21. bxa4 Nxa4 22. Qc2 Rfb8 23. Reb1 Rxb1 24. Qxb1 Qc8 25. Be2 Rb8 26. Qc1 Nb6 27. Bxh6 Na6 28. h4 c4 29. dxc4 Nc5 30. Bxg7 Kxg7 31. Qe3 Nbd7 32. Nd2 Qh8 33. g3 Nf6 34. Ra2 Rb7 35. Kg2 Qb8 36. g4 Qh8 37. Kg3 $2 (37. h5 $18) 37... Qd8 $2 (37... Nfxe4+ $1 $11 38. Nxe4 Rb3 39. Nxc5 (39. Nc3 $2 Rxc3 40. Ra3 Rxe3+ $19) 39... Rxe3+ 40. fxe3 Qb8 (40... dxc5 41. d6 $16)) 38. Bd1 $16 Nh7 39. g5 (39. Nb3 $142) 39... f6 $16 {[#]} 40. gxf6+ $1 Qxf6 41. Bg4 Qf8 42. Kg2 Qd8 (42... Nf6 $142 43. Bf3 Qh8) 43. Qg3 $16 Nf6 44. Bf3 (44. Bf5 $16 Qe8 45. Ra8) 44... Kh7 (44... Nd3 $14) 45. Ra3 $16 Qf8 46. Qg5 Rf7 47. Qe3 Nfd7 (47... Qh6 $142) 48. Bg4 Nf6 49. Bf3 ({White should play} 49. Be6 Rc7 50. Nf3) 49... Nfd7 $1 $16 50. Ra7 Rf4 {[#]} 51. Nb3 (51. h5 $1 $16) 51... Qb8 52. Ra3 Qd8 53. Nd4 Qf6 (53... exd4 $2 {loses.} 54. Qxf4 Qf6 55. Qxf6 Nxf6 56. e5 dxe5 57. Ra7+ Kh6 58. Rc7 $18) ({Much weaker is} 53... Qxh4 $6 54. Ne6 $16) 54. Ne6 (54. Ne2 {with more complications.} Rxh4 55. Ra7 Kg7 56. Nc3) 54... Nxe6 55. dxe6 Qxe6 56. Ra7 Kh6 57. Qd2 Nc5 58. Rc7 Qf6 59. Rc6 Qxh4 60. Qxd6 Qg5+ 61. Kf1 Nxe4 62. Bxe4 Rxe4 63. Qf8+ Kh5 64. Qh8+ Qh6 65. Qxh6+ Kxh6 66. Kg2 Rf4 67. Rc8 Kg5 68. Kg3 Rd4 69. Kf3 Kf5 70. Ke3 Ke6 71. c5 Rc4 72. c6 Kd6 73. Rg8 Rxc6 74. Rxg6+ Kd5 75. Rxc6 Kxc6 76. Ke4 Kd6 77. f4 (77. f3 $5) 77... Ke6 78. fxe5 Ke7 79. Kd5 Kd7 80. e6+ Ke7 81. Ke5 Ke8 82. Kf6 (82. Kd5 $5) 82... Kf8 83. e7+ Ke8 84. Ke6 1/2-1/2

[Event "45th FIDE Olympiad 2024"]
[Site "Budapest"]
[Date "2024.09.12"]
[Round "2.92"]
[White "Castro Torres, Jose Luis"]
[Black "Kelires, Andreas"]
[Result "1-0"]
[ECO "C68"]
[WhiteElo "2299"]
[BlackElo "2536"]
[Annotator "TA"]
[PlyCount "107"]
[EventDate "2024.09.05"]
[EventType "team-tourn"]
[EventCountry "HUN"]
[SourceTitle "playchess.com"]
[Source "ChessBase"]
[SourceQuality "1"]
[WhiteTeam "Venezuela"]
[BlackTeam "Greece"]
[WhiteTeamCountry "VEN"]
[BlackTeamCountry "GRE"]
[TimeControl "40/5400+30:1800+30"]

1. e4 e5 2. Nf3 Nc6 3. Bb5 a6 4. Bxc6 dxc6 5. Nxe5 Qd4 6. Nf3 Qxe4+ 7. Qe2 Qxe2+ 8. Kxe2 Bf5 9. d3 O-O-O 10. Be3 f6 11. h3 Ne7 {Black is slightly better.} 12. Nc3 h5 13. b4 g5 14. Nd4 Bd7 15. a4 Bg7 16. Kd2 Rde8 17. b5 a5 18. bxc6 Nxc6 19. Ndb5 Ne7 {Dodges Nd5} 20. Rab1 Nf5 (20... Kb8 $11) 21. Nd5 $14 {Excellent horsemanship.} Nxe3 22. fxe3 Bxb5 23. Rxb5 b6 24. Rf1 Re6 25. e4 {White is more active.} Rd8 26. Ke2 Kb7 27. Ne3 Rd7 28. Rbf5 c6 29. Rb1 {[%cal Oe3c4] Threatens to win with Nc4!} Ka6 30. c4 Bf8 {[#]} 31. h4 $1 gxh4 (31... Be7 32. hxg5) 32. Rxh5 Bc5 33. Nf5 {Inhibits Rg7.} Rb7 (33... Re8 $16) 34. Rxh4 $18 b5 (34... Re8 {was called for.} 35. Rh6 Re6) 35. d4 Bb4 36. d5 cxd5 37. axb5+ (37. cxb5+ Ka7 $11) 37... Kb6 38. cxd5 Re5 (38... Re8 39. Kd3 Rc8) 39. Nd4 {Rf4 is the strong threat.} Rg7 (39... Bc5 {was necessary.}) 40. Kf3 Bc3 41. Ne6 Rf7 (41... Re7 {was worth a try.} 42. Rc1 R7xe6) 42. g4 {aiming for Rc1.} a4 43. Rh8 f5 $2 (43... Rxe4 44. Rb8+ (44. Kxe4 f5+ 45. Kd3 Bxh8 $11) 44... Ka7) 44. Rc8 ({Stronger than} 44. gxf5 Rexf5+ 45. exf5 Bxh8 $11) 44... fxe4+ 45. Ke2 {Rc6+ would now be deadly.} Ba5 46. Rc6+ Kb7 47. b6 Kb8 {[#]} 48. b7 $1 Rxb7 49. Rxb7+ Kxb7 {KRB-KRN} 50. Nc5+ Ka7 51. Ra6+ ({Not} 51. Nxa4 Rxd5 52. Nc5 Bb6 $18) 51... Kb8 52. Rxa5 Kc7 53. Nxa4 {[%cal Od5d6] d6+! would kill now.} Kd6 54. Nc3 {Weighted Error Value: White=0.30/Black=0.51.  Mistake:       	---       	Black=7      Inaccurate:     	White=5     	Black=5      OK:         	White=13    	Black=6      Best:        	White=3     	Black=1} 1-0

[Event "45th FIDE Olympiad 2024"]
[Site "Budapest"]
[Date "2024.09.12"]
[Round "2.93"]
[White "Ashiku, Franc"]
[Black "Cheparinov, Ivan"]
[Result "0-1"]
[ECO "D02"]
[WhiteElo "2400"]
[BlackElo "2628"]
[Annotator "TA"]
[PlyCount "58"]
[EventDate "2024.09.05"]
[EventType "team-tourn"]
[EventCountry "HUN"]
[SourceTitle "playchess.com"]
[Source "ChessBase"]
[SourceQuality "1"]
[WhiteTeam "Albania"]
[BlackTeam "Bulgaria"]
[WhiteTeamCountry "ALB"]
[BlackTeamCountry "BUL"]
[TimeControl "40/5400+30:1800+30"]

1. d4 Nf6 2. Nf3 e6 3. Bf4 d5 4. e3 c5 5. c3 Nc6 6. Nbd2 Be7 7. h3 Bd6 8. dxc5 Bxc5 9. Bd3 Bd6 {The position is equal.} 10. Bxd6 Qxd6 11. Qc2 O-O 12. e4 h6 13. O-O-O b6 14. Rhe1 Qc7 15. Kb1 Bb7 16. g3 Rfd8 17. exd5 Nxd5 (17... Rxd5 $5 18. Ne4 Nd7 $14) 18. Nb3 Nf6 19. Qe2 a6 20. Bc2 Rac8 21. Rxd8+ Rxd8 22. Nfd4 b5 23. f4 Nxd4 24. cxd4 Bd5 25. Nc5 Qa5 26. Bb3 Qb4 27. Bxd5 (27. Rd1 $15) 27... Nxd5 $17 (27... Rxd5 28. a3 Qxd4 29. Nxa6 $17) 28. Nxa6 Qxd4 {[#] Threatens to win with ...Qb6.} 29. f5 $2 (29. a3 {was necessary.}) 29... Qb6 {Weighted Error Value: White=0.25 (precise) /Black=0.04 (flawless) .  Mistake:       	White=2     	---        Inaccurate:     	White=2     	Black=1      OK:         	White=7     	Black=7} ({Not} 29... exf5 30. Qxb5 Qf2 31. Re8+ Rxe8 32. Qxe8+ Kh7 33. Qe5 Qf1+ 34. Kc2 $17) 0-1

[Event "45th FIDE Olympiad 2024"]
[Site "Budapest"]
[Date "2024.09.12"]
[Round "2.94"]
[White "Naiditsch, Arkadij"]
[Black "Pasko, Llambi"]
[Result "1/2-1/2"]
[ECO "C77"]
[WhiteElo "2643"]
[BlackElo "2396"]
[Annotator "TA"]
[PlyCount "174"]
[EventDate "2024.09.05"]
[EventType "team-tourn"]
[EventCountry "HUN"]
[SourceTitle "playchess.com"]
[Source "ChessBase"]
[SourceQuality "1"]
[WhiteTeam "Bulgaria"]
[BlackTeam "Albania"]
[WhiteTeamCountry "BUL"]
[BlackTeamCountry "ALB"]
[TimeControl "40/5400+30:1800+30"]

1. e4 e5 2. Nf3 Nc6 3. Bb5 a6 4. Ba4 Nf6 5. d3 b5 6. Bb3 Bc5 7. Nc3 h6 8. Nd5 d6 9. c3 Rb8 10. O-O O-O 11. d4 Ba7 12. dxe5 Nxe5 13. Nxe5 dxe5 14. Qf3 Nxd5 15. Bxd5 (15. exd5 {simplifies} Qd6 16. Be3 Bxe3 17. Qxe3 f5 18. Rae1) 15... Qh4 16. a4 Bb6 17. h3 Be6 18. Rd1 Bxd5 (18... bxa4 $5 19. Rxa4 Bxd5 20. Rxd5 f5 $11) 19. Rxd5 Rfd8 20. axb5 (20. Rxe5 $2 Qxf2+ 21. Qxf2 Rd1+ 22. Kh2 Bxf2 $19) 20... axb5 21. Be3 (21. Rxe5 $2 {perishes.} Qxf2+ 22. Qxf2 Rd1+ 23. Kh2 Bxf2 $19) 21... Rxd5 22. exd5 {next Bxb6 is good for White.} Bxe3 23. Qxe3 $11 {[%mdl 4096] Endgame. KQR-KQR} Qe7 24. Ra5 Qd6 25. Qe4 g6 26. g4 Kg7 27. Kf1 Kg8 28. Ke2 Qc5 29. Ra6 Rd8 30. Rc6 Qxd5 31. Qxd5 Rxd5 32. Rxc7 {KR-KR} Kg7 33. b4 Kf6 34. h4 Ke6 35. Rb7 (35. Ke3 $14) 35... e4 36. Ke3 Rd3+ (36... f5 $11) 37. Kxe4 $14 Rxc3 38. Rb6+ Kd7 39. Rxb5 Rc4+ 40. Kf3 h5 41. gxh5 gxh5 42. Kg3 Rg4+ 43. Kh3 Ke7 44. f3 Rc4 45. Kg3 Kf6 {Prevents Re5} 46. Rb8 Kf5 47. b5 f6 48. Rh8 Kg6 49. Rd8 Rc5 50. b6 {[#] White wants to mate with b7.} Rb5 51. Rd6 ({White should play} 51. Rb8 $16) 51... Kf5 $11 52. Kf2 Ke5 53. Rc6 f5 54. Ke3 Rb3+ {The position is equal.} 55. Kd2 Kf4 56. Rd6 Kg3 57. Kc2 Rb5 58. Kc3 {[#] And now Kc4 would win.} f4 59. Kc4 Rb1 60. Kc5 Kxf3 61. Rd4 {Rb4 would now be deadly.} Kg4 62. Rc4 Kxh4 63. Rxf4+ Kg3 64. Rb4 Rc1+ 65. Kd6 {White threatens b7 and mate.} Rc8 66. Rb3+ Kg2 67. Rb2+ Kg3 68. Rb3+ Kg2 69. b7 Rb8 70. Ke5 Kf2 71. Kf4 Ke2 72. Rb2+ Kd3 73. Ke5 Ke3 74. Rb3+ (74. Rb1 $5) 74... Kf2 75. Kf4 Ke2 76. Re3+ Kf2 77. Re7 h4 78. Kg4 h3 79. Kxh3 {Kg4 would kill now.} Kf3 {( -> ...Rh8+)} 80. Kh2 Kf4 81. Kg2 Kf5 82. Kf3 Kf6 83. Rh7 Ke5 84. Ke3 Kd5 85. Kd3 Kc6 86. Kc4 Rxb7 87. Rxb7 Kxb7 {Weighted Error Value: White=0.07 (flawless) /Black=0.06 (flawless) .  Mistake:       	White=2     	Black=1      Inaccurate:     	White=2     	Black=3      OK:         	White=21    	Black=52     Best:        	White=2     	Black=4} 1/2-1/2

[Event "45th FIDE Olympiad 2024"]
[Site "Budapest"]
[Date "2024.09.12"]
[Round "2.95"]
[White "Mehmeti, Dritan"]
[Black "Petkov, Momchil"]
[Result "0-1"]
[ECO "E67"]
[WhiteElo "2364"]
[BlackElo "2540"]
[Annotator "TA"]
[PlyCount "46"]
[EventDate "2024.09.05"]
[EventType "team-tourn"]
[EventCountry "HUN"]
[SourceTitle "playchess.com"]
[Source "ChessBase"]
[SourceQuality "1"]
[WhiteTeam "Albania"]
[BlackTeam "Bulgaria"]
[WhiteTeamCountry "ALB"]
[BlackTeamCountry "BUL"]
[TimeControl "40/5400+30:1800+30"]

1. d4 Nf6 2. Nf3 g6 3. g3 Bg7 4. Bg2 O-O 5. O-O d6 6. c4 Nbd7 7. Nc3 e5 8. e3 c6 9. b3 e4 10. Nd2 d5 11. cxd5 cxd5 12. a4 {The position is equal.} Nb8 13. b4 Nc6 14. Ba3 Bg4 15. Qb1 Re8 16. Rc1 Qd7 17. b5 Nd8 18. Rc2 (18. Qb3 $5) 18... h5 19. Qf1 Ne6 20. Rac1 (20. h3 $11 {keeps the balance.}) 20... Ng5 $17 21. h4 Nf3+ 22. Bxf3 (22. Kh1 $17) 22... exf3 $19 23. Nd1 $2 {[#]} (23. Kh2 $17) 23... Bh3 {Weighted Error Value: White=0.62/Black=0.02 (flawless) .  Loses game:     	White=1     	---        Mistake:       	White=2     	---        Inaccurate:     	White=2     	---        OK:         	White=3     	Black=9      Best:        	---       	Black=1} 0-1

[Event "45th FIDE Olympiad 2024"]
[Site "Budapest"]
[Date "2024.09.12"]
[Round "2.95"]
[White "Schwarz, Bernhard"]
[Black "Abdou, Mohamed"]
[Result "1/2-1/2"]
[ECO "B12"]
[WhiteElo "1875"]
[BlackElo "1782"]
[Annotator "NA"]
[PlyCount "74"]
[EventDate "2024.09.05"]
[EventType "team-tourn"]
[EventCountry "HUN"]
[SourceTitle "playchess.com"]
[Source "ChessBase"]
[SourceQuality "1"]
[WhiteTeam "Namibia"]
[BlackTeam "Comoros Islands"]
[WhiteTeamCountry "NAM"]
[TimeControl "40/5400+30:1800+30"]

1. e4 c6 2. d4 d5 3. e5 Bf5 4. Nf3 e6 5. Be2 c5 6. c3 Nc6 7. O-O Qb6 8. dxc5 Bxc5 9. b4 Be7 10. Be3 Qc7 11. Qa4 Kf8 12. b5 Nxe5 13. b6 Nxf3+ 14. Bxf3 Qc8 15. bxa7 Bc5 16. Qf4 Bxa7 17. c4 Bb8 18. Qh4 Ra4 19. Nd2 Nf6 20. Rfc1 b5 21. cxb5 Qxc1+ 22. Rxc1 Rxh4 23. Rc8+ Ke7 24. Rxh8 Bxh2+ 25. Kf1 Bd6 26. Ra8 Bd3+ 27. Kg1 Bxb5 28. Ra7+ Bd7 29. g4 h6 30. Be2 e5 31. g5 hxg5 32. Bxg5 Ra4 33. Rxd7+ Kxd7 34. Bb5+ Kc7 35. Bxa4 Ng8 36. Bb3 Kc6 37. Kf1 f6 1/2-1/2

[Event "45th FIDE Olympiad 2024"]
[Site "Budapest"]
[Date "2024.09.12"]
[Round "2.96"]
[White "Grigorov, Grigor"]
[Black "Veleshnja, Zino"]
[Result "1-0"]
[ECO "A13"]
[WhiteElo "2514"]
[BlackElo "2294"]
[Annotator "TA"]
[PlyCount "123"]
[EventDate "2024.09.05"]
[EventType "team-tourn"]
[EventCountry "HUN"]
[SourceTitle "playchess.com"]
[Source "ChessBase"]
[SourceQuality "1"]
[WhiteTeam "Bulgaria"]
[BlackTeam "Albania"]
[WhiteTeamCountry "BUL"]
[BlackTeamCountry "ALB"]
[TimeControl "40/5400+30:1800+30"]

1. Nf3 Nf6 2. g3 e6 3. Bg2 d5 4. c4 dxc4 5. Qa4+ c6 6. Qxc4 b5 7. Qc2 Bb7 8. Nc3 {A13: English Opening: 1...e6.} a6 9. a4 Nbd7 10. O-O b4 11. Nb1 Be7 12. a5 O-O 13. d3 c5 14. Nbd2 e5 $146 ({Black should play} 14... Ne8 $11) ({Predecessor:} 14... Bd6 15. Nc4 Bc7 16. e4 h6 17. h3 Rc8 18. Be3 Qe7 19. Nfd2 e5 20. f4 Nh5 {½-½ Sagar,S (2359)-Galinsky,T (2439) Golden Sands Europe op 2nd 2013 (7)}) 15. e4 Bc6 16. Nc4 Qc7 17. Bh3 Bb5 18. Be3 Rfd8 19. Nfd2 h5 20. Nb3 Ng4 21. Bd2 Qc6 22. f3 Ngf6 23. Bg5 Bxc4 24. Qxc4 Qb5 (24... Qd6 $16 {was called for.}) 25. Qxb5 $18 axb5 26. Rfc1 c4 (26... h4 $142 27. gxh4 (27. Bxh4 c4 $18) 27... Kf8 28. Bxd7 Nxd7) 27. dxc4 $18 Nc5 28. Nxc5 Bxc5+ {[#]} 29. Kh1 $1 Bd4 30. Rab1 $2 (30. cxb5 $18 Bxb2 31. a6 (31. Bxf6 gxf6 32. a6 Kg7 $11)) 30... Rxa5 (30... bxc4 $1 $11 {keeps the balance.} 31. Rxc4 Re8) 31. c5 $16 Ra7 32. c6 Rc7 $1 33. Bf1 Rb8 34. Bd2 Rb6 35. Bxb4 Rbxc6 36. Rxc6 Rxc6 37. Be1 (37. Bxb5 $2 {is the wrong capture.} Rb6 38. Bd2 Rxb5 $19) 37... Nh7 38. h4 g5 39. b4 gxh4 40. gxh4 Rg6 ({Black should try} 40... Rb6 $11) 41. Kh2 Bg1+ 42. Kh3 $1 Bd4 43. Bxb5 Rg1 44. Bd3 Rg6 45. b5 Nf8 46. Bg3 Rf6 47. Kg2 Ng6 48. Bc4 Kg7 {[#]} (48... Kf8 $16 {was worth a try.} 49. Bf2 Nf4+ 50. Kf1 Bxf2 51. Kxf2 Rb6) 49. Bf2 $1 $18 Nf4+ (49... Bb6 {was necessary.} 50. Bxb6 Rxb6) 50. Kf1 $18 Ne6 $2 (50... Bxf2 {is more resistant.} 51. Kxf2 Rb6 52. Rg1+ Kf8) 51. Be2 Nc5 52. b6 Nd7 $2 (52... Bxf2 {might work better.} 53. Kxf2 Nxe4+ 54. Kg2 Rg6+ 55. Kh2 Nc5) 53. b7 Nb8 54. Rb4 Bxf2 55. Kxf2 Rc6 56. Bc4 f5 57. exf5 Kf6 58. Bd5 Rc2+ 59. Kg3 Rd2 60. Rb6+ Ke7 61. Re6+ (61. f6+ $142 Kd7 62. f7 Ke7 63. Rf6 Kf8 64. Rd6 Rxd5 65. Rxd5 Kxf7 66. Rd8 (66. Rxe5 Kf6 $18)) 61... Kd7 $18 62. Be4 1-0